 Dungeon Crawl Stone Soup version 0.23-a0-767-gdc19b93 (webtiles) character file.

364 nono the Skirmisher (level 6, -5/55 HPs)
             Began as a Ghoul Fighter on Jan 19, 2019.
             Was an Initiate of Okawaru.
             Killed from afar by an orc wizard (7 damage)
             ... with a wand of acid (2)
             ... on level 4 of the Dungeon.
             The game lasted 00:05:44 (2706 turns).

nono the Skirmisher (Ghoul Fighter)                 Turns: 2706, Time: 00:05:44

Health: -5/55      AC:  1    Str: 20    XL:     6   Next: 67%
Magic:  5/5        EV:  5    Int:  5    God:    Okawaru [......]
Gold:   57         SH:  9    Dex:  8    Spells: 5/5 levels left

rFire    . . .     SeeInvis .     - Unarmed
rCold    + . .     Gourm    .   b - +0 shield
rNeg     + + +     Faith    .   l - +0 chain mail
rPois    ∞         Spirit   .   (no helmet)
rElec    .         Reflect  .   (no cloak)
rCorr    +         Harm     .   (no gloves)
MR       .....                  (no boots)
Stlth    ..........             (no amulet)
HPRegen  0.00/turn              q - ring of resist corrosion
MPRegen  0.09/turn              (no ring)

@: corroded, rotting
A: rotting body, claws 1, carnivore, cold resistance 1, negative energy
resistance 3, inhibited regeneration, torment resistance, unbreathing
a: Renounce Religion


You were on level 4 of the Dungeon.
You worshipped Okawaru.
Okawaru was noncommittal.
You were not hungry.

You visited 2 branches of the dungeon, and saw 5 of its levels.

You collected 127 gold pieces.
You spent 70 gold pieces at shops.

Inventory:

Hand Weapons
 n - a +2 whip of electrocution
Armour
 a - a +0 scale mail
 b - a +0 shield (worn)
 l - a +0 chain mail (worn)
Jewellery
 q - a ring of resist corrosion (left claw)
Scrolls
 f - 9 scrolls of identify {unknown}
 i - a scroll of enchant armour {unknown}
 j - 3 scrolls of enchant weapon {unknown}
 k - 3 scrolls of teleportation {unknown}
 m - a scroll of noise {unknown}
 o - a scroll of amnesia {unknown}
 v - a scroll of remove curse {unknown}
Potions
 c - 2 potions of might
 e - 3 potions of cancellation {unknown}
 p - a potion of agility {unknown}
 r - 2 potions of heal wounds
 s - a potion of flight {unknown}
 t - a potion of haste {unknown}
 u - a potion of invisibility {unknown}
 w - 2 potions of resistance {unknown}
Comestibles
 d - 7 rations


   Skills:
 + Level 4.8 Fighting
 + Level 4.0 Armour
 + Level 4.0 Shields
 + Level 4.2 Unarmed Combat


You had 5 spell levels left.
You didn't know any spells.
Your spell library was empty.

Dungeon Overview and Level Annotations

Branches:
Dungeon (4/15)             Temple (1/1) D:4

Altars:
Ashenzari
Elyvilon
Nemelex Xobeh
Okawaru
Ru
Sif Muna
Trog
Uskayaw
Yredelemnul
Zin
The Shining One

Shops:
D:4 !


Innate Abilities, Weirdness & Mutations

Your body is rotting away.
You thrive on raw meat.
You are immune to poison.
You have sharp fingernails.
You are carnivorous and can eat meat at any time.
Your flesh is cold resistant. (rC+)
You are immune to negative energy. (rN+++)
You do not regenerate when monsters are visible.
You are immune to unholy pain and torment.
You can survive without breathing.


Message History

You hear a zap.
A bolt of acid appears from out of thin air!
The bolt of acid hits the orc.
The orc is splashed with acid.
The acid corrodes the orc!
The orc dies!
The bolt of acid hits you! You resist. The acid corrodes you!
You are splashed with acid!
The acid burns!
You resist.
* * * LOW HITPOINT WARNING * * *
There is an open door here.
You hear a zap.
A bolt of acid appears from out of thin air!
The bolt of acid hits you! You resist.
* * * LOW HITPOINT WARNING * * *
You are splashed with acid!
The acid burns!
You resist.
* * * LOW HITPOINT WARNING * * *
There is a stone staircase leading down here.
You hear a zap.
A bolt of acid appears from out of thin air!
The bolt of acid hits you! You resist.
You die...

.# .# ## .. ...
..# ....
####'##.......
#............#
#...........##
#.@..........#
#............#
#...##.......#
#...##...(...#
##....#..((...#
####
#.....#.{.....#
.....
#....o#)(.....#
)...
#.....'.......#
#..#
#.....#.......#


You could see an orc.

Vanquished Creatures
  An ice beast (D:4)
  A centaur (D:4)
  A hound (D:4)
  A hound zombie (D:3)
  7 adders
  An ooze (D:3)
  An adder skeleton (D:4)
  2 worms
  2 leopard geckos
  5 orcs
  9 bats
  2 giant cockroaches
  6 goblins
  10 hobgoblins
  A quokka (D:2)
  A ball python (D:3)
  3 frilled lizards (D:2)
  9 kobolds
  7 rats
70 creatures vanquished.

Vanquished Creatures (others)
  An orc (D:4)
  A frilled lizard (D:4)
2 creatures vanquished.

Grand Total: 72 creatures vanquished

Notes
Turn   | Place    | Note
-------+----------+-------------------------------------------
     0 | D:1      | nono the Ghoul Fighter began the quest for the Orb.
     0 | D:1      | Reached XP level 1. HP: 19/19 MP: 0/0
     6 | D:1      | Noticed a black bear
     6 | D:1      | Noticed a killer bee
     7 | D:1      | Noticed a hog
     7 | D:1      | Noticed an anaconda
    73 | D:1      | You fall through a shaft!
   109 | D:2      | Reached XP level 2. HP: 26/26 MP: 1/1
   315 | D:1      | Reached XP level 3. HP: 28/31 MP: 2/2
  1029 | D:2      | Reached XP level 4. HP: 40/40 MP: 3/3
  1942 | D:3      | Reached XP level 5. HP: 46/46 MP: 4/4
  2265 | D:4      | Noticed a centaur
  2278 | D:4      | Killed a centaur
  2278 | D:4      | Reached XP level 6. HP: 50/53 MP: 5/5
  2293 | D:4      | Found Waeruni's Distillery.
  2310 | D:4      | Bought a potion of heal wounds for 70 gold pieces
  2422 | D:4      | Noticed an ice beast
  2446 | D:4      | Killed an ice beast
  2476 | D:4      | Found a staircase to the Ecumenical Temple.
  2485 | Temple   | Entered the Ecumenical Temple
  2505 | Temple   | Became a worshipper of Warmaster Okawaru
  2704 | D:4      | HP: 2/55 [acid (5)]
  2706 | D:4      | Killed from afar by an orc wizard

Vault maps used:
D:1:      onia_arrival_zoo_common, hex_tiny, chequers_serial_rivers_micro_d,
          minmay_heptomino_h4
D:2:      minmay_between
D:3:      skrybe_limestone_x
D:4:      lemuel_temple_firewalk_b, serial_shops, shop, first_ration
Temple:   regret_index_temple_sigil_plot

Skill      XL: |  1  2  3  4  5  6 |
---------------+-------------------+-----
Armour         | 3 4 |  4.0
Shields        | 3 4 |  4.0
Unarmed Combat | 3 4 |  4.2
Fighting       | 4 |  4.8

Action                   |  1- 3 |  4- 6 || total
-------------------------+-------+-------++-------
Melee: Unarmed           |   113 |   245 ||   358
       Whip              |    21 |       ||    21
  Use: Potion            |       |     1 ||     1
  Eat: Chunk             |    11 |    20 ||    31
Armor: Scale mail        |    29 |       ||    29
       Chain mail        |    48 |   124 ||   172
Dodge: Dodged            |    32 |    43 ||    75
Block: Shield            |    61 |    92 ||   153

Table legend:
 A = Non-vault XP
 B = Vault XP
 C = Vault XP percentage of total XP
 D = Non-vault monster count
 E = Vault monster count
 F = Vault count percentage of total count
                 A         B        C        D         E       F
            +---------+---------+-------+---------+---------+-------
      Total |     498 |      22 |   4.2 |      64 |       6 |   8.6
            +---------+---------+-------+---------+---------+-------
        D:1 |      13 |       6 |  31.6 |       7 |       3 |  30.0
        D:2 |      75 |      16 |  17.6 |      28 |       3 |   9.7
        D:3 |      96 |       0 |   0.0 |      22 |       0 |   0.0
        D:4 |     314 |       0 |   0.0 |       7 |       0 |   0.0
            +---------+---------+-------+---------+---------+-------
